 Dungeon Crawl Stone Soup version 0.31-a0-818-ge7c7cf74f0 (webtiles) character file.

Game seed: 13735090347522457819

18377 dialectric the Bludgeoner (level 12, -1/110 HPs)
             Began as a Minotaur Berserker on Sept 22, 2023.
             Was a High Priest of Trog.
             Slain by a seven-headed hydra (3 damage)
             ... on level 1 of the Lair of Beasts.
             The game lasted 00:19:02 (9488 turns).

dialectric the Bludgeoner (Minotaur Berserker)      Turns: 9488, Time: 00:19:03

Health: -1/110     AC: 18    Str: 37    XL:     12   Next: 27%
Magic:  3/3        EV: 12    Int:  4    God:    Trog [*****.]
Gold:   992        SH:  0    Dex: 14    Spells: 11/11 levels left

rFire   x . .        I - +8 flail of Charity {antimagic, rElec rPois Dex+4}
rCold   . . .        (no shield)
rNeg    + + .        m - +0 chain mail
rPois   +            (helmet restricted)
rElec   +            j - +2 cloak
rCorr   .            (no gloves)
SInv    .            a - +0 pair of boots
Will    ++...        h - amulet of regeneration Stlth
                     A - +6 ring of strength
HPRegen 2.18/turn    K - ring of Jealousy {rN++ Str+6 Slay+2}
MPRegen 0.08/turn

%: no passive effects
@: strong-willed, on berserk cooldown, regenerating, slowed, very slow
A: horns 2, retaliatory headbutt, clumsy 1, heat vulnerability 1
a: Renounce Religion, Berserk, Trog's Hand, Brothers in Arms


You were on level 1 of the Lair of Beasts.
You worshipped Trog.
Trog was extremely pleased with you.
You visited 2 branches of the dungeon, and saw 12 of its levels.
You also visited: Gauntlet.

You collected 992 gold pieces.

Inventory:

Hand Weapons
 q - a +0 morningstar
 r - a +1 eveningstar
 E - a +2 whip of venom
 I - the +8 flail of Charity (weapon) {antimagic, rElec rPois Dex+4}
   (You took it off a minotaur in a Gauntlet)

   Dex+4:     It affects your dexterity (+4).
   rElec:     It insulates you from electricity.
   rPois:     It protects you from poison
Missiles
 p - 41 poisoned darts (quivered)
Armour
 a - a +0 pair of boots (worn)
 j - a +2 cloak (worn)
 m - a +0 chain mail (worn)
 J - the +18 shield of the Gong {Loud rN+ Will+ rCorr EV-5}
   (You found it on level 10 of the Dungeon)

   Loud:      It is deafeningly noisy when blocking attacks.
   EV-5:      It affects your evasion (-5).
   rN+:       It protects you from negative energy.
   Will+:     It increases your willpower.
   rCorr:     It protects you from acid and corrosion.
 M - a +0 troll leather armour
 P - a +0 plate armour
Jewellery
 c - a ring of magical power
 h - an amulet of regeneration (around neck)
 w - a ring of magical power
 A - a +6 ring of strength (left hand)
 K - the ring of Jealousy (right hand) {rN++ Str+6 Slay+2}
   (You found it on level 9 of the Dungeon)

   [ring of strength]

   Str+6:     It affects your strength (+6).
   Slay+2:    It affects your accuracy & damage with ranged weapons and melee
   (+2).
   rN++:      It greatly protects you from negative energy.
 L - a +6 ring of intelligence
 O - a ring of resist corrosion
Talismans
 l - a beast talisman
 x - a serpent talisman
 C - a maw talisman
 G - a blade talisman
Wands
 b - a wand of quicksilver (5)
 k - a wand of flame (38)
 v - a wand of polymorph (24)
 y - a wand of roots (22)
 R - a wand of mindburst (16)
 S - a wand of charming (4)
Scrolls
 d - 4 scrolls of revelation
 g - 5 scrolls of teleportation
 i - a scroll of vulnerability
 o - a scroll of enchant armour
 s - a scroll of fog
 t - 2 scrolls of blinking
 D - 2 scrolls of immolation
 N - a scroll of enchant weapon
 Q - a scroll of identify
Potions
 e - a potion of might
 f - a potion of curing
 n - 5 potions of haste
 u - 3 potions of attraction
 z - 2 potions of resistance
 B - 2 potions of brilliance
 F - a potion of enlightenment
 H - 3 potions of heal wounds


   Skills:
 + Level 11.2 Fighting
 + Level 15.4 Maces & Flails
 - Level 1.1 Throwing
 * Level 14.4 Armour
 + Level 5.9 Dodging
 - Level 1.2 Stealth
 + Level 0.6 Evocations


You had 11 spell levels left.
You didn't know any spells.
Your spell library was empty.

Dungeon Overview and Level Annotations

Branches:
Dungeon (11/15)            Temple (0/1) D:7            Lair (1/5) D:9
    Orc (0/2) D:10        Gauntlet (visited)

Altars:
Dithmenos
Gozag
Kikubaaqudgha
Ru
Sif Muna
Trog
Wu Jian
Xom
Yredelemnul

Annotations:
D:4 2 runed translucent doors, Pokonic1's ghost, novice DsNe
D:11 Nergalle


Innate Abilities, Weirdness & Mutations

You have a pair of horns on your head.
You reflexively headbutt those who attack you in melee.
You are clumsy. (Dex -2)
You are vulnerable to heat. (rF-)


Message History

Your skin crawls.
You feel strong-willed.
The seven-headed hydra completely misses you.
The seven-headed hydra bites you! The seven-headed hydra bites you.
The seven-headed hydra closely misses you.
The seven-headed hydra bites you.
The seven-headed hydra barely misses you.
The seven-headed hydra closely misses you.
The seven-headed hydra bites you but does no damage. x2
The seven-headed hydra bites you. x2
The seven-headed hydra bites you but does no damage. x3
You sock the seven-headed hydra!
The seven-headed hydra is heavily wounded.
The seven-headed hydra bites you. The seven-headed hydra misses you.
The seven-headed hydra bites you! The seven-headed hydra bites you. x2
* * * LOW HITPOINT WARNING * * *
The seven-headed hydra bites you but does no damage. x2
Unknown command.
You hit the seven-headed hydra. You headbutt the seven-headed hydra.
The seven-headed hydra is severely wounded.
The seven-headed hydra bites you.
* * * LOW HITPOINT WARNING * * *
The seven-headed hydra bites you but does no damage.
The seven-headed hydra bites you!
* * * LOW HITPOINT WARNING * * *
The seven-headed hydra bites you but does no damage.
The seven-headed hydra bites you.
* * * LOW HITPOINT WARNING * * *
The seven-headed hydra barely misses you.
The seven-headed hydra bites you!
* * * LOW HITPOINT WARNING * * *
You bludgeon the seven-headed hydra!!
The seven-headed hydra is almost dead.
The seven-headed hydra barely misses you.
You furiously retaliate!
You headbutt the seven-headed hydra. The seven-headed hydra bites you.
* * * LOW HITPOINT WARNING * * *
The seven-headed hydra barely misses you.
The seven-headed hydra bites you.
You die...

.................................
.................................
.................................
.................................
.....##.##.#######...............
..###...†#.#P...P#.########..###.
.....#.##..#.#+#)#..# #### ##
#.#...####.#.#:#D#.##
.#.##.###..#.###@#..#
.##.####...#P...P#.##
.......###.###'###..#
##....#..#...†......##
###..#.##.##.###(#...#
.††.#.#.:#...##.#..#.#######
#.##.#.#####..####.........#
....#.)#.[..#.#..#........##
.###...##.##..#†##........#


You could see a seven-headed hydra.

Vanquished Creatures
  A reaper (Gauntlet)
  A minotaur (Gauntlet)
  A two-headed ogre (D:10)
  2 elephants (Lair:1)
  2 vault sentinels (D:10)
  Maurice (D:8)
  2 black mambas (Lair:1)
  4 cane toads (Lair:1)
  2 rime drakes (Lair:1)
  2 kobold demonologists
  4 komodo dragons (Lair:1)
  An unseen horror (D:10)
  2 trolls (D:9)
  Grinder (D:5)
  A hornet (D:8)
  A dream sheep (Lair:1)
  5 blink frogs (Lair:1)
  A wraith (D:9)
  4 wyverns
  6 yaks (D:9)
  Menkaure (D:6)
  An acid dragon (D:10)
  Duvessa (D:5)
  2 water moccasins
  2 black bears
  10 orc warriors
  4 ice beasts
  4 ogres
  5 centaurs
  A phantom (D:6)
  8 kobold brigands
  8 bullfrogs
  A necrophage (D:6)
  Blork the orc (D:6)
  3 scorpions
  15 wights
  Dowan (D:5)
  9 killer bees (D:8)
  A howler monkey (D:8)
  3 jellies
  2 spectral bullfrogs (D:6)
  A bullfrog zombie (D:6)
  A centaur zombie (D:6)
  A hound (D:6)
  9 orc priests
  9 iguanas
  A sleepcap (D:7)
  18 orc wizards
  9 adders
  4 shadow imps
  An ufetubus (D:6)
  2 worms
  3 dart slugs
  57 orcs
  5 ball pythons
  11 endoplasms
  6 giant cockroaches
  11 goblins
  5 hobgoblins
  12 jackals
  7 quokkas
  10 bats
  2 frilled lizards
  19 kobolds
  3 rats
334 creatures vanquished.

Notes
Turn   | Place    | Note
-------+----------+-------------------------------------------
     0 | D:1      | dialectric the Minotaur Berserker began the quest for the
                  | Orb.
     0 | D:1      | Reached XP level 1. HP: 19/19 MP: 0/0
    84 | D:1      | Reached XP level 2. HP: 19/26 MP: 1/1
    88 | D:1      | Reached skill level 4 in Maces & Flails
   372 | D:1      | Reached XP level 3. HP: 27/33 MP: 2/2
   571 | D:1      | Found a faded altar of an unknown god.
   911 | D:2      | Reached ** piety under Trog
  1140 | D:2      | Reached XP level 4. HP: 32/40 MP: 3/3
  1484 | D:3      | Reached skill level 5 in Maces & Flails
  1657 | D:3      | Reached XP level 5. HP: 44/47 MP: 4/4
  1722 | D:3      | Reached *** piety under Trog
  2256 | D:4      | Found a runed translucent door.
  2259 | D:4      | Noticed Pokonic1's ghost (novice DsNe)
  2379 | D:4      | Found a runed translucent door.
  2575 | D:4      | Noticed an ogre
  2583 | D:4      | Killed an ogre
  2584 | D:4      | Reached skill level 6 in Maces & Flails
  2584 | D:4      | Reached XP level 6. HP: 55/55 MP: 5/5
  2851 | D:5      | Entered Level 5 of the Dungeon
  2851 | D:5      | Noticed an ice beast
  2852 | D:5      | Noticed Grinder
  2923 | D:4      | Reached skill level 5 in Fighting
  2923 | D:4      | Reached skill level 1 in Stealth
  2988 | D:5      | Killed an ice beast
  3028 | D:5      | Reached skill level 7 in Maces & Flails
  3028 | D:5      | Reached XP level 7. HP: 61/61 MP: 6/6
  3061 | D:5      | Reached skill level 5 in Armour
  3102 | D:5      | Noticed Duvessa
  3105 | D:5      | Noticed Dowan
  3109 | D:5      | Killed Duvessa
  3158 | D:4      | Reached skill level 8 in Maces & Flails
  3176 | D:5      | Killed Dowan
  3202 | D:5      | Killed Grinder
  3203 | D:5      | Reached XP level 8. HP: 70/70 MP: 7/7
  3255 | D:5      | Found a shimmering blue altar of Sif Muna.
  3353 | D:5      | Reached **** piety under Trog
  3374 | D:5      | Found a shadowy altar of Dithmenos.
  3379 | D:5      | Reached skill level 9 in Maces & Flails
  3379 | D:5      | Reached skill level 1 in Throwing
  3924 | D:6      | Identified the +2 dagger of the Thoughtful Gods {pain, rC+
                  | Str-2 Dex+4 SInv}
  3948 | D:6      | Noticed Blork the orc
  3955 | D:6      | Killed Blork the orc
  3956 | D:6      | Reached XP level 9. HP: 78/78 MP: 8/8
  3995 | D:6      | Reached skill level 10 in Maces & Flails
  4201 | D:6      | Noticed Menkaure
  4204 | D:6      | Killed Menkaure
  4811 | D:7      | Found a basalt altar of Yredelemnul.
  4858 | D:7      | Reached skill level 11 in Maces & Flails
  4859 | D:7      | Found a staircase to the Ecumenical Temple.
  4936 | D:7      | Reached ***** piety under Trog
  5069 | D:7      | Found a sacrificial altar of Ru.
  5210 | D:7      | Reached skill level 10 in Armour
  5367 | D:7      | Found an ornate altar of the Wu Jian Council.
  5675 | D:8      | Noticed Maurice
  5684 | D:8      | Reached XP level 10. HP: 88/88 MP: 4/9
  5691 | D:8      | Maurice stole a maw talisman
  5692 | D:8      | Maurice stole a ring of magical power
  5703 | D:8      | Killed Maurice
  5712 | D:8      | Reached skill level 12 in Maces & Flails
  5798 | D:8      | Paralysed by a hornet for 3 turns
  6177 | D:8      | Identified the +5 dire flail of Verupyi {flame, +Blink
                  | rPois rF+ Str+3} (Trog gifted it to you on level 8 of the
                  | Dungeon)
  6177 | D:8      | Received a gift from Trog
  6525 | D:9      | Found an ancient bone altar of Kikubaaqudgha.
  6684 | D:9      | Identified the +3 helmet of the Desert {Dex+6}
  6782 | D:9      | Found a staircase to the Lair.
  6849 | D:9      | Found a bloodstained altar of Trog.
  6858 | D:9      | Noticed an orange demon
  6864 | D:9      | Gained mutation: You have hidden genetic defects. [a
                  | neqoxec]
  6899 | D:9      | Found a shimmering altar of Xom.
  7030 | D:9      | Found an opulent altar of Gozag.
  7209 | D:9      | Identified the ring of Jealousy {rN++ Str+6 Slay+2}
  7271 | D:9      | Reached skill level 13 in Maces & Flails
  7319 | D:9      | Gained mutation: You are clumsy. (Dex -2) [hidden defects]
  7322 | D:9      | Reached XP level 11. HP: 89/97 MP: 10/10
  7505 | D:10     | Entered Level 10 of the Dungeon
  7562 | D:10     | Reached skill level 5 in Dodging
  7766 | D:10     | Noticed a two-headed ogre
  7770 | D:10     | Killed a two-headed ogre
  7780 | D:10     | Gained mutation: You are vulnerable to heat. (rF-) [hidden
                  | defects]
  7780 | D:10     | Lost mutation: You have hidden genetic defects. [hidden
                  | defects expressed]
  8049 | D:10     | Received a gift from Trog
  8103 | D:10     | Found a staircase to the Orcish Mines.
  8216 | D:10     | Found the +18 shield of the Gong {Loud rN+ Will+ rCorr
                  | EV-5}
  8225 | D:10     | Reached skill level 14 in Maces & Flails
  8413 | D:11     | Noticed Nergalle
  8461 | D:11     | Found a gate leading to a gauntlet.
  8464 | Gauntlet | Entered a Gauntlet
  8464 | Gauntlet | Noticed a reaper
  8464 | Gauntlet | Found a transporter.
  8464 | Gauntlet | Found a transporter.
  8464 | Gauntlet | Found a transporter.
  8464 | Gauntlet | Found a transporter.
  8468 | Gauntlet | Found a transporter.
  8492 | Gauntlet | Killed a reaper
  8493 | Gauntlet | Reached skill level 10 in Fighting
  8522 | Gauntlet | Noticed a fire crab
  8538 | Gauntlet | Noticed an orange crystal statue
  8538 | Gauntlet | Found a transporter.
  8589 | Gauntlet | Paralysed by a floating eye for 2 turns
  8617 | Gauntlet | Found a transporter.
  8681 | Gauntlet | Identified the +8 flail of Charity {antimagic, rElec rPois
                  | Dex+4}
  8681 | Gauntlet | Noticed a minotaur
  8688 | Gauntlet | Killed a minotaur
  8877 | Lair:1   | Entered Level 1 of the Lair of Beasts
  9059 | Lair:1   | Reached skill level 15 in Maces & Flails
  9060 | Lair:1   | Reached XP level 12. HP: 90/108 MP: 3/11
  9465 | Lair:1   | Noticed a seven-headed hydra
  9487 | Lair:1   | HP: 2/110 [seven-headed hydra (13)]
  9488 | Lair:1   | Slain by a seven-headed hydra

Illustrated notes

Levels and vault maps discovered:
D:1:      sevenhm_arrival_forest_fort_large_2, layout_loops_ring,
          basic_ecumenical_altar
D:2:      layout_basic
D:3:      minmay_bubble_buster, layout_rooms, st_stairs_4
D:4:      layout_basic, ebering_ghost_sewer_f, serial_corexii_hall,
          chequers_hall_statues_wall_a, corexii_hall_statues_l
D:5:      minmay_general_purpose_star, layout_basic, lemuel_blue_sif_altar,
          grunt_dithmenos_smoke, roderic_batcave, uniq_duvessa, uniq_grinder
D:6:      layout_basic, serial_glass, glass_columns_b, glass_columns_a,
          dilly_guarded_unrand_morg, uniq_blork_the_orc, uniq_menkaure
D:7:      layout_rooms, mainiacjoe_overflow_tiny_flanked,
          nicolae_overflow_hidden_temple, lemuel_crystal_altar,
          minmay_temple_entry_stoned_glass, corexii_checkpoint_b,
          kennysheep_opposing_triangles
D:8:      layout_basic, uniq_maurice
D:9:      lemuel_flame_loot_2, layout_basic, mainiacjoe_overflow_boulevard,
          nicolae_gozag_cash_rules_everything_around_me,
          kiku_gazebo_pond_becter, old_standard_altar, dpeg_oklobed_lair
D:10:     layout_loops_cross, david_orc_4, serial_bayou_pond_e,
          hellmonk_guarded_unrand_gong
D:11:     layout_roguey, gauntlet_entry_generic, uniq_nergalle
Lair:1:   layout_hall_layers, minmay_shattered_shrine

Skill      XL: |  1  2  3  4  5  6  7  8  9 10 11 12 |
---------------+-------------------------------------+-----
Maces & Flails | 4 5 6 7 8 9 11 13 15 | 15.4
Fighting       | 4 5 6 7 9 10 11 | 11.2
Armour         | 3 4 6 8 10 12 13 14 | 14.4
Dodging        | 3 4 5 |  5.9
Stealth        | 1 |  1.2
Throwing       | 1 |  1.1
Evocations     | |  0.6

Action                     |  1- 3 |  4- 6 |  7- 9 | 10-12 || total
---------------------------+-------+-------+-------+-------++-------
  Melee: Mace              |    80 |    61 |       |       ||   141
         Headbutt          |     8 |    14 |    47 |    80 ||   149
         Eveningstar       |       |    70 |   229 |   300 ||   599
         Punch             |       |     1 |     4 |     5 ||    10
         Whip              |       |       |    50 |     8 ||    58
         Flail             |       |       |       |    82 ||    82
  Throw: Dart              |       |     1 |     5 |     3 ||     9
 Invoke: Berserk           |     1 |     2 |     3 |     7 ||    13
         Trog's Hand       |       |       |       |     2 ||     2
  Evoke: Wand              |       |     1 |     3 |       ||     4
    Use: Scroll            |       |     7 |     6 |    11 ||    24
         Potion            |       |       |       |     4 ||     4
   Stab: Sleeping          |     1 |     1 |       |       ||     2
 Armour: Animal skin       |    53 |    31 |       |       ||    84
         Chain mail        |       |    46 |   236 |   377 ||   659
  Dodge: Dodged            |    51 |    73 |   128 |   199 ||   451

Table legend: (Time is in decaauts)
 A = Elapsed time spent in this place.
 B = Non-inter-level travel time spent in this place.
 C = Inter-level travel time spent in this place.
 D = Time resting spent in this place.
 E = Time spent auto-exploring this place.
 F = Levels seen in this place.
 G = Mean time per level.
                   A        B        C        D        E       F      G
               +--------+--------+--------+--------+--------+-----+--------+
         Total |   9551 |   8887 |    664 |    347 |   5895 |  13 |  734.7 |
       Dungeon |   8709 |   8046 |    663 |    230 |   5582 |  11 |  791.7 |
          Lair |    588 |    588 |      0 |     74 |    313 |   1 |  588.0 |
      Gauntlet |    252 |    252 |      0 |     43 |      0 |   1 |  252.0 |
               +--------+--------+--------+--------+--------+-----+--------+

Top non-repeatable levels by time:
     D:6: 1117 daAuts
     D:9: 1091 daAuts
    D:10: 1025 daAuts
     D:4: 978 daAuts
     D:8: 941 daAuts
     D:1: 890 daAuts
     D:5: 740 daAuts
     D:7: 643 daAuts
     D:3: 633 daAuts
  Lair:1: 588 daAuts
     D:2: 556 daAuts
Gauntlet: 252 daAuts
    D:11: 93 daAuts
